 Dungeon Sprint DCSS version 0.20-a0-809-gaf7f668 (webtiles) character file.

7600000 esc the Conqueror (level 27, -3/249 HPs)
             Began as a Demonspawn Warper on Mar 3, 2017.
             Was the Champion of Makhleb.
             Slain by a bag of meat
             ... wielding a +9 war axe
              (5 damage)
             ... in the Dungeon (Sprint VIII: "Arena of Blood").
             The game lasted 00:05:37 (76 turns).

esc the Conqueror (Demonspawn Warper)                 Turns: 76, Time: 00:05:38

Health: -3/249     AC: 12    Str: 21    XL:     27
Magic:  34/54      EV: 29    Int: 18    God:    Makhleb [******]
Gold:   0          SH:  0    Dex: 13    Spells: 80/80 levels left

rFire    . . .     SeeInvis .   l - +∞ Axe of Woe
rCold    + . .     Gourm    .   b - +0 leather armour
rNeg     . . .     Faith    .   (shield currently unavailable)
rPois    .         Spirit   .   (helmet unavailable)
rElec    .         Reflect  .   (no cloak)
rCorr    .         Harm     .   (no gloves)
MR       ++...     NoTele   +   (no boots)
Stlth    +++++++++.             (no amulet)
Regen    0.6/turn               (no ring)
MPRegen  0.4/turn               (no ring)

@: no status effects
A: horns 3, iridescent scales 3, cold resistance 1, demonic guardian 3, icemail,
augmentation 3, freezing cloud immunity
a: Minor Destruction, Lesser Servant of Makhleb, Major Destruction, Greater
Servant of Makhleb, Renounce Religion


You were in the Dungeon.
You worshipped Makhleb.
Makhleb was exalted by your worship.
You were not hungry.

You visited 1 branch

Inventory:

Hand Weapons
 a - a +0 hand axe
 l - the +∞ Axe of Woe (weapon)
   (You found it in the Dungeon)
Missiles
 e - 5 tomahawks of dispersal {=f}
Armour
 b - a +0 leather armour (worn)
Scrolls
 d - 2 scrolls of blinking {!r}
Potions
 g - a potion of curing
 h - a potion of heal wounds
 i - a potion of haste
 j - 2 potions of magic
 k - a potion of berserk rage {!q}
Books
 c - a book of Spatial Translocations
Comestibles
 f - a bread ration {@e1}


   Skills:
 O Level 27 Fighting
 O Level 27 Axes
 O Level 27 Throwing
 O Level 27 Armour
 O Level 27 Dodging
 O Level 27 Stealth
 O Level 27 Unarmed Combat
 O Level 27 Spellcasting
   Level 2.6 Translocations
 O Level 27 Invocations


You had 80 spell levels left.
You didn't know any spells.

Dungeon Overview and Level Annotations

Branches:
Dungeon (1/1)

Altars:
Makhleb

Annotations:
D The Captor


Innate Abilities, Weirdness & Mutations

You have a pair of large horns on your head.
You are completely covered in iridescent scales. (AC +6)
Your flesh is cold resistant. (rC+)
A powerful demonic guardian rushes to your aid.
A meltable icy envelope protects you from harm. (AC +0)
Your magical and physical power is greatly enhanced at high health.
You are immune to freezing clouds.


Message History

An orc and 5 crawling corpses come into view.
You take 50 damage, and have 119/249 hp.
MASSIVE DAMAGE!!
Unknown command.
You hit the small abomination.
You pulverise the small abomination into a thin bloody mist.
You destroy the small abomination!
Makhleb accepts your kill.
You feel better.
You hit the tyrant but do no damage. You chop the tyrant into pieces.
You destroy the tyrant!
Makhleb accepts your kill.
You feel better.
The tentacled monstrosity disappears in a puff of smoke!
You hit the meat berserker.
You slaughter the meat berserker joyfully.
You kill the meat berserker!
Makhleb accepts your kill.
You chop the crawling corpse into pieces!!!
You dissect the crawling corpse like a pig carcass.
You destroy the crawling corpse!
You slash the crawling corpse!
You fatally mangle the crawling corpse.
You destroy the crawling corpse!
You hit the meat berserker.
You pulverise the meat berserker into a thin bloody mist.
You kill the meat berserker!
Makhleb accepts your kill.
You feel better.
You slice the crawling corpse!!
You butcher the crawling corpse messily.
You destroy the crawling corpse!
The tyrant moves out of view.
You hear a shout! x5
The destroyer blinks!
You hear a shout! x3
The meat beast bites you! The meat beast tramples you.
You hold your ground!
Sigmund the Dreaded comes into view.
He is wielding a +9 triple sword of slicing.
You regained 110 hp, and now have 229/249 hp.
Unknown command.
Unknown command.
You swap places.
A tyrant comes into view.
The meat beast bites you but does no damage.
The meat beast tramples you!
You hold your ground!
You hear a shout! x3
The tyrant mumbles some strange words.
The tyrant seems to speed up.
You hear a shout! x3
The bag of meat hits your balrug with a +9 war axe!!
The accursed gestures at you while chanting.
Something smites you!
The destroyer hits you with a +9 great sword of slicing!!!!
* * * LOW HITPOINT WARNING * * *
The destroyer bites you.
* * * LOW HITPOINT WARNING * * *
The destroyer draws strength from your injuries!
The corpses begin to drag themselves along the ground!
The eight-headed meat hydra calls on the powers of darkness!
The eight-headed meat hydra convulses!
The bag of meat convulses! x5
Your body is wracked with pain!
* * * LOW HITPOINT WARNING * * *
The meat berserker convulses!
You hear a shout!
The meat beast bites you!
* * * LOW HITPOINT WARNING * * *
The meat beast tramples you!
* * * LOW HITPOINT WARNING * * *
You hold your ground!
Your balrug hits the meat beast with a demon whip!
The meat beast is engulfed in flames!!
You hear a shout! x3 2 crawling corpses come into view.
Items here: ))) === a +9 battleaxe; a +30 ring of slaying; a +9 war axe; a +30 ring of slaying a +9 great sword; a +250 ring of slaying Unknown command.
You take 224 damage, and have 5/249 hp.
MASSIVE DAMAGE!!
Unknown command.
Unknown command.
You swap places.
The meat beast bites you.
* * * LOW HITPOINT WARNING * * *
The meat beast tramples you.
* * * LOW HITPOINT WARNING * * *
You hold your ground!
You hear a shout!
The tyrant gestures wildly while chanting.
You hear a shout! x5
The small abomination hits you but does no damage.
You hear a shout! x2
A crawling corpse suddenly disappears!
The tyrant touches your balrug.
The meat beast completely misses you. x2
You hear a shout!
Your balrug misses the meat beast.
A crawling corpse merges with a small abomination to form a large abomination.
The eight-headed meat hydra calls on the powers of darkness!
The eight-headed meat hydra convulses!
The bag of meat convulses! x5
You feel a surge of unholy energy.
The meat berserker convulses!
The bag of meat convulses!
The bag of meat hits you with a +9 war axe.
You die...

.#.................L
..#........#.....L@#
......#.... #.......# .
...#......###.... .z###o.
o..............###V.....
oo§....#......xV_......
..o..#.......#..O2.# o
###..........#_X@2_# ..
#....#))...).#oo)VL#...
.....))#...)))xx_.zXO...
.....))).....)o###D..o..
.....)))..###z).2zLX###..
......)..x..#.oxO.o.# .
..x..))).o..#XX.X...#
.zo#)))).o§)XX)XLD..§..
Xo#o#)#o.).XX)XoV......


You could see a meat beast, 3 tyrants, an eight-headed meat hydra, 3 destroyers,
3 sculptors of flesh, 6 large abominations, The Captor, 2 meat berserkers, 7
bags of meat, 3 crawling corpses and a friendly balrug.

Vanquished Creatures
  A hell beast (D)
  7 vampire knights (D)
  28 ogres (D)
  4 two-headed ogres (D)
  2 liches (D)
  A hydra (D)
  60 orcs (D)
  4 skeletal warriors (D)
  2 small abominations (D)
  2 large abominations (D)
  9 crawling corpses (D)
120 creatures vanquished.

Vanquished Creatures (others)
  8 crawling corpses (D)
8 creatures vanquished.

Grand Total: 128 creatures vanquished

Notes
Turn   | Place    | Note
-------+----------+-------------------------------------------
     0 | D        | esc the Demonspawn Warper began the quest for the Orb.
     0 | D        | Reached XP level 1. HP: 16/16 MP: 3/3
     4 | D        | Became a worshipper of Makhleb the Destroyer
     5 | D        | Noticed a bag of meat
     5 | D        | Noticed a bag of meat
     5 | D        | Noticed a meat berserker
     6 | D        | Noticed a bag of meat
     6 | D        | Noticed a bag of meat
     7 | D        | Noticed a meat berserker
     8 | D        | Killed a bag of meat
     8 | D        | Reached skill level 14 in Fighting
     8 | D        | Reached skill level 13 in Axes
     8 | D        | Reached skill level 13 in Armour
     8 | D        | Reached skill level 13 in Dodging
     8 | D        | Gained mutation: A weak demonic guardian rushes to your aid. [demonic ancestry]
     8 | D        | Reached XP level 2. HP: 43/43 MP: 5/5
     8 | D        | Gained mutation: You are partially covered in iridescent scales. (AC +2) [demonic ancestry]
     8 | D        | Reached XP level 3. HP: 49/49 MP: 6/6
     8 | D        | Gained mutation: You have a pair of small horns on your head. [demonic ancestry]
     8 | D        | Reached XP level 4. HP: 56/56 MP: 7/7
     8 | D        | Reached XP level 5. HP: 62/62 MP: 8/8
     8 | D        | Reached XP level 6. HP: 69/69 MP: 9/9
     8 | D        | Gained mutation: Your flesh is cold resistant. (rC+) [demonic ancestry]
     8 | D        | Reached XP level 7. HP: 75/75 MP: 10/10
     8 | D        | Reached XP level 8. HP: 82/82 MP: 11/11
     8 | D        | Gained mutation: You are mostly covered in iridescent scales. (AC +4) [demonic ancestry]
     8 | D        | Reached XP level 9. HP: 88/88 MP: 12/12
     8 | D        | Gained mutation: You are immune to freezing clouds. [demonic ancestry]
     8 | D        | Reached XP level 10. HP: 95/95 MP: 13/13
     8 | D        | Reached XP level 11. HP: 101/101 MP: 14/14
     8 | D        | Killed a bag of meat
     8 | D        | Reached * piety under Makhleb
     8 | D        | Reached skill level 16 in Fighting
     8 | D        | Reached skill level 15 in Axes
     8 | D        | Reached skill level 15 in Armour
     8 | D        | Reached skill level 15 in Dodging
     8 | D        | Gained mutation: You have a pair of horns on your head. [demonic ancestry]
     8 | D        | Reached XP level 12. HP: 113/113 MP: 15/15
     9 | D        | Noticed a bag of meat
     9 | D        | Noticed a bag of meat
     9 | D        | Killed a meat berserker
     9 | D        | Reached skill level 19 in Fighting
     9 | D        | Reached skill level 18 in Axes
     9 | D        | Reached skill level 17 in Armour
     9 | D        | Reached skill level 18 in Dodging
     9 | D        | Reached XP level 13. HP: 125/125 MP: 16/16
     9 | D        | Reached XP level 14. HP: 133/133 MP: 17/17
     9 | D        | Killed a meat berserker
     9 | D        | Reached skill level 21 in Fighting
     9 | D        | Reached skill level 19 in Axes
     9 | D        | Reached skill level 19 in Armour
     9 | D        | Reached skill level 19 in Dodging
     9 | D        | Gained mutation: A meltable icy envelope protects you from harm. (AC +0) [demonic ancestry]
     9 | D        | Reached XP level 15. HP: 144/144 MP: 18/18
    11 | D        | Noticed a meat berserker
    13 | D        | Noticed a meat berserker
    14 | D        | Noticed a meat berserker
    14 | D        | Noticed a meat berserker
    15 | D        | Noticed a meat berserker
    15 | D        | Noticed a meat berserker
    15 | D        | Noticed a meat berserker
    16 | D        | Noticed a meat berserker
    16 | D        | Killed a meat berserker
    16 | D        | Reached ** piety under Makhleb
    16 | D        | Reached skill level 22 in Fighting
    16 | D        | Reached skill level 21 in Axes
    16 | D        | Reached skill level 21 in Armour
    16 | D        | Reached skill level 21 in Dodging
    17 | D        | Noticed a meat berserker
    17 | D        | Killed a meat berserker
    17 | D        | Reached skill level 23 in Fighting
    17 | D        | Reached skill level 22 in Axes
    17 | D        | Reached skill level 22 in Armour
    17 | D        | Reached skill level 22 in Dodging
    17 | D        | Reached skill level 8 in Spellcasting
    17 | D        | Reached skill level 11 in Invocations
    17 | D        | Reached XP level 16. HP: 159/159 MP: 18/28
    18 | D        | Killed a meat berserker
    18 | D        | Reached skill level 24 in Fighting
    18 | D        | Reached skill level 23 in Axes
    18 | D        | Reached skill level 23 in Armour
    18 | D        | Reached skill level 23 in Dodging
    18 | D        | Reached skill level 11 in Spellcasting
    18 | D        | Reached skill level 15 in Invocations
    18 | D        | Reached XP level 17. HP: 102/167 MP: 18/32
    18 | D        | Killed a meat berserker
    18 | D        | Reached *** piety under Makhleb
    18 | D        | Reached skill level 25 in Fighting
    18 | D        | Reached skill level 13 in Spellcasting
    18 | D        | Reached skill level 18 in Invocations
    18 | D        | Reached skill level 26 in Fighting
    18 | D        | Reached skill level 24 in Axes
    18 | D        | Reached skill level 24 in Armour
    18 | D        | Reached skill level 24 in Dodging
    18 | D        | Reached skill level 14 in Spellcasting
    18 | D        | Reached skill level 19 in Invocations
    19 | D        | Noticed a meat berserker
    19 | D        | Reached skill level 15 in Spellcasting
    19 | D        | Reached skill level 20 in Invocations
    19 | D        | Gained mutation: You have a pair of large horns on your head. [demonic ancestry]
    19 | D        | Reached XP level 18. HP: 180/180 MP: 18/37
    20 | D        | Noticed a meat berserker
    20 | D        | Killed a meat berserker
    20 | D        | Reached **** piety under Makhleb
    20 | D        | Reached skill level 27 in Fighting
    20 | D        | Reached skill level 25 in Axes
    20 | D        | Reached skill level 25 in Armour
    20 | D        | Reached skill level 25 in Dodging
    20 | D        | Reached skill level 16 in Spellcasting
    20 | D        | Reached skill level 22 in Invocations
    20 | D        | Reached skill level 17 in Spellcasting
    20 | D        | Reached skill level 23 in Invocations
    21 | D        | Noticed a destroyer
    21 | D        | Killed a meat berserker
    21 | D        | Reached skill level 26 in Axes
    21 | D        | Reached skill level 26 in Armour
    21 | D        | Reached skill level 26 in Dodging
    21 | D        | Reached skill level 19 in Spellcasting
    21 | D        | Reached skill level 25 in Invocations
    21 | D        | Gained mutation: Your magical and physical power is slightly enhanced at high health. [demonic ancestry]
    21 | D        | Reached XP level 19. HP: 189/189 MP: 18/42
    21 | D        | Reached skill level 27 in Axes
    21 | D        | Reached skill level 27 in Armour
    21 | D        | Reached skill level 27 in Dodging
    21 | D        | Reached skill level 26 in Invocations
    21 | D        | Reached ***** piety under Makhleb
    21 | D        | Reached skill level 22 in Spellcasting
    21 | D        | Reached skill level 27 in Invocations
    21 | D        | Reached skill level 24 in Spellcasting
    21 | D        | Reached skill level 26 in Spellcasting
    21 | D        | Reached XP level 20. HP: 197/197 MP: 18/50
    21 | D        | Reached skill level 27 in Spellcasting
    21 | D        | Reached skill level 7 in Throwing
    21 | D        | Reached skill level 7 in Stealth
    21 | D        | Reached skill level 6 in Unarmed Combat
    22 | D        | Noticed a meat berserker
    22 | D        | Noticed a destroyer
    23 | D        | Noticed a large bag of meat
    23 | D        | Killed a meat berserker
    23 | D        | Reached skill level 13 in Throwing
    23 | D        | Reached skill level 14 in Stealth
    23 | D        | Reached skill level 12 in Unarmed Combat
    23 | D        | Killed a meat berserker
    23 | D        | Reached skill level 16 in Throwing
    23 | D        | Reached skill level 17 in Stealth
    23 | D        | Reached skill level 16 in Unarmed Combat
    23 | D        | Reached skill level 17 in Throwing
    23 | D        | Reached skill level 19 in Stealth
    23 | D        | Reached skill level 17 in Unarmed Combat
    23 | D        | Gained mutation: Your magical and physical power is enhanced at high health. [demonic ancestry]
    23 | D        | Reached XP level 21. HP: 204/204 MP: 19/52
    23 | D        | Reached skill level 18 in Throwing
    23 | D        | Reached skill level 20 in Stealth
    23 | D        | Reached skill level 18 in Unarmed Combat
    23 | D        | Reached ****** piety under Makhleb
    23 | D        | Reached skill level 20 in Throwing
    23 | D        | Reached skill level 21 in Stealth
    23 | D        | Reached skill level 20 in Unarmed Combat
    23 | D        | Reached skill level 21 in Throwing
    23 | D        | Reached skill level 22 in Stealth
    23 | D        | Reached skill level 21 in Unarmed Combat
    24 | D        | Reached skill level 22 in Throwing
    24 | D        | Reached skill level 24 in Stealth
    24 | D        | Reached skill level 22 in Unarmed Combat
    24 | D        | Reached skill level 24 in Throwing
    24 | D        | Reached skill level 26 in Stealth
    24 | D        | Reached skill level 24 in Unarmed Combat
    24 | D        | Gained mutation: You are completely covered in iridescent scales. (AC +6) [demonic ancestry]
    24 | D        | Reached XP level 22. HP: 212/212 MP: 19/53
    24 | D        | Reached skill level 25 in Throwing
    24 | D        | Reached skill level 25 in Unarmed Combat
    24 | D        | Reached skill level 26 in Throwing
    24 | D        | Reached skill level 27 in Stealth
    24 | D        | Reached skill level 26 in Unarmed Combat
    25 | D        | Noticed a destroyer
    26 | D        | Reached skill level 27 in Throwing
    26 | D        | Reached skill level 27 in Unarmed Combat
    26 | D        | Killed a destroyer
    26 | D        | Gained mutation: Your magical and physical power is greatly enhanced at high health. [demonic ancestry]
    26 | D        | Reached XP level 23. HP: 219/219 MP: 20/54
    26 | D        | Killed a destroyer
    29 | D        | Noticed a large bag of meat
    30 | D        | Reached XP level 24. HP: 191/227 MP: 21/54
    30 | D        | Killed a large bag of meat
    31 | D        | Noticed a large bag of meat
    32 | D        | Gained mutation: A demonic guardian rushes to your aid. [demonic ancestry]
    32 | D        | Reached XP level 25. HP: 234/234 MP: 22/54
    33 | D        | Noticed a large bag of meat
    36 | D        | Killed a large bag of meat
    37 | D        | Noticed a destroyer
    37 | D        | Reached XP level 26. HP: 242/242 MP: 23/54
    38 | D        | Killed a large bag of meat
    39 | D        | Gained mutation: A powerful demonic guardian rushes to your aid. [demonic ancestry]
    39 | D        | Reached XP level 27. HP: 249/249 MP: 23/54
    41 | D        | HP: 39/249 [destroyer/+9 great sword of slicing (50)]
    42 | D        | Killed a destroyer
    45 | D        | Killed a large bag of meat
    51 | D        | Noticed a tyrant
    51 | D        | Noticed a tyrant
    53 | D        | Noticed a destroyer
    54 | D        | Noticed a destroyer
    57 | D        | Noticed a destroyer
    57 | D        | Noticed a destroyer
    58 | D        | Killed a destroyer
    59 | D        | Noticed an accursed
    61 | D        | Noticed a meat beast
    61 | D        | Killed a destroyer
    61 | D        | Killed a destroyer
    63 | D        | Noticed a tyrant
    63 | D        | Killed a destroyer
    68 | D        | Noticed a meat beast
    69 | D        | Noticed a tyrant
    69 | D        | Killed a tyrant
    71 | D        | Noticed a destroyer
    71 | D        | Killed a meat beast
    72 | D        | Noticed a tyrant
    72 | D        | Noticed a meat beast
    73 | D        | Noticed a destroyer
    74 | D        | Killed a tyrant
    75 | D        | Noticed The Captor
    75 | D        | Noticed a tyrant
    75 | D        | HP: 59/249 [destroyer/+9 great sword of slicing (28)]
    75 | D        | HP: 28/249 [??? (26)]
    75 | D        | HP: 5/249 [meat beast (9)]
    76 | D        | HP: 2/249 [meat beast (3)]
    76 | D        | Slain by a bag of meat

Vault maps used:
D:        meatsprint

Skill      XL: |  1  2  3  4  5  6  7  8  9 10 11 12 13 14 15 16 17 18 19 20 21 22 |
---------------+-------------------------------------------------------------------+-----
Fighting       | 14 16 19 21 23 24 26 27 | 27.0
Axes           | 13 15 18 19 22 23 24 26 27 | 27.0
Armour         | 13 15 17 19 22 23 24 26 27 | 27.0
Dodging        | 13 15 18 19 22 23 24 26 27 | 27.0
Spellcasting   | 8 11 15 19 26 27 | 27.0
Invocations    | 11 15 20 25 27 | 27.0
Throwing       | 17 24 27 | 27.0
Stealth        | 19 26 27 | 27.0
Unarmed Combat | 17 24 27 | 27.0
Translocations | |  2.6

Action                   |  1- 3 |  4- 6 |  7- 9 | 10-12 | 13-15 | 16-18 | 19-21 | 22-24 | 25-27 || total
-------------------------+-------+-------+-------+-------+-------+-------+-------+-------+-------++-------
Melee: Executioner's axe |     1 |       |       |     1 |     2 |     4 |     2 |     3 |    23 ||    36
Armor: Leather armour    |       |       |       |       |       |       |       |     3 |     8 ||    11
Dodge: Dodged            |       |       |       |       |       |       |     1 |     4 |    15 ||    20

Vault maps used:
D:        meatsprint

Table legend:
 A = Turns spent in this place as a percentage of turns spent in the entire game.
 B = Non-inter-level travel turns spent in this place as a percentage of non-inter-level travel turns spent in the entire game.
 C = Inter-level travel turns spent in this place as a percentage of turns spent in this place.
 D = Turns resting spent in this place as a percentage of non-inter-level travel turns spent in this place.
 E = Turns spent auto-exploring this place as a percentage of non-inter-level travel turns spent in this place.
 F = Non-inter-level travel turns spent in this place divided by the number of levels of this place that you've seen.
                   A       B       C       D       E      F
               +-------+-------+-------+-------+-------+----------------------
         Total | 100.0 | 100.0 |   0.0 |   0.0 |   0.0 | 156.0
       Dungeon | 100.0 | 100.0 |   0.0 |   0.0 |   0.0 | 156.0
               +-------+-------+-------+-------+-------+----------------------

Table legend:
 A = Kills in this place as a percentage of kills in entire the game.
 B = Kills by you in this place as a percentage of kills by you in the entire game.
 C = Kills by friends in this place as a percentage of kills by friends in the entire game.
 D = Other kills in this place as a percentage of other kills in the entire game.
 E = Experience gained in this place as a percentage of experience gained in the entire game.
 F = Experience gained in this place divided by the number of levels of this place that you have seen.
                   A       B       C       D       E      F
               +-------+-------+-------+-------+-------+----------------------
         Total | 100.0 | 100.0 |  -nan |  -nan | 100.0 | 2594710.0
       Dungeon | 100.0 | 100.0 |  -nan |  -nan | 100.0 | 2594710.0
               +-------+-------+-------+-------+-------+----------------------
